| TOP OF THE 1ST |
|
Burlington Bees batting - Pitching for Quad Cities River Bandits : RHP Arsène Serre
|
|
Pitching: RHP Arsène Serre
|
|
|
Batting: RHB Ryan Munro
|
0-0: Ball 1-0: Called Strike 1-1: Ball 2-1: Ball 3-1: SINGLE (Groundball, 56S, EV 71.9 MPH) (infield hit)
|
|
Batting: LHB Mark Reeg
|
0-0: Called Strike 0-1: Ball 1-1: Called Strike 1-2: Foul Ball, location: 2F 1-2: Fly out, F8 (Flyball, 8RD, EV 100.6 MPH)
|
|
Batting: RHB Jon Griffin
|
0-0: Fielders Choice at 2nd, 4-6 (Groundball, 4S, EV 83.8 MPH)
|
|
Batting: LHB Justin Balthazor
|
0-0: Called Strike 0-1: Ground out U3 (Groundball, 3, EV 86.9 MPH)
|
| Top of the 1st over - 0 runs, 1 hit, 0 errors, 1 left on base; Burlington 0 - Quad Cities 0 |
| BOTTOM OF THE 1ST |
|
Quad Cities River Bandits batting - Pitching for Burlington Bees : RHP Tim Anderson
|
|
Pitching: RHP Tim Anderson
|
|
|
Batting: RHB Xavier Castaneda
|
0-0: Ball 1-0: TRIPLE (Flyball, 78XD, EV 109.4 MPH)
|
|
Batting: RHB Nick Deegan
|
0-0: Called Strike 0-1: Foul Ball, location: 2F 0-2: Ball 1-2: Foul Ball, location: 2F 1-2: Ball 2-2: Ball 3-2: Ground out 4-3 (Groundball, 4M, EV 104.4 MPH) Xavier Castaneda scores
|
|
Batting: LHB Josh Birkner
|
0-0: Ball 1-0: Foul Ball, location: 2F 1-1: Ball 2-1: Foul Ball, location: 2F 2-2: Ball 3-2: Base on Balls
|
|
Batting: RHB Juan Mendoza
|
0-0: Ball 1-0: Foul Ball, location: 2F 1-1: Hit by Pitch Josh Birkner to second
|
|
Batting: RHB Ryan Salas
|
0-0: Ball 1-0: Called Strike 1-1: Called Strike 1-2: Fly out, F9 (Flyball, 9, EV 90.0 MPH)
|
|
Batting: RHB Justin Olmstead
|
0-0: Ball 1-0: Foul Ball, location: 2F 1-1: Foul Ball, location: 2F 1-2: Ball 2-2: SINGLE (Groundball, 6D, EV 106.2 MPH) Josh Birkner to third Juan Mendoza to second Runner from 3rd tries for Home, SAFE, throw by LF to home
|
|
Batting: LHB Danny Wolver
|
0-0: Called Strike 0-1: Ball 1-1: DOUBLE (Flyball, 89D, EV 113.1 MPH) Juan Mendoza scores Justin Olmstead to third
|
|
Batting: RHB Kieron Clark
|
0-0: Ground out 4-3 (Groundball, 4M, EV 101.9 MPH)
|
| Bottom of the 1st over - 3 runs, 3 hits, 0 errors, 2 left on base; Burlington 0 - Quad Cities 3 |
| TOP OF THE 2ND |
|
Burlington Bees batting - Pitching for Quad Cities River Bandits : RHP Arsène Serre
|
|
Batting: RHB Ryuji Ito
|
0-0: Foul Ball, location: 2F 0-1: Ball 1-1: Ball 2-1: SINGLE (Groundball, 6M, EV 107.5 MPH)
|
|
Batting: LHB Griffin Ferris
|
0-0: Called Strike 0-1: Ball 1-1: Fielders Choice at 2nd, 4-6 (Groundball, 4MS, EV 91.2 MPH)
|
|
Batting: RHB Peter Westover
|
0-0: Swinging Strike 0-1: Fielders Choice at 2nd, 6-4 (Groundball, 6MS, EV 86.2 MPH)
|
|
Batting: RHB Tim Lively
|
0-0: Ball 1-0: Called Strike 1-1: TRIPLE (Flyball, 89XD, EV 106.2 MPH) Peter Westover scores
|
|
Batting: RHB Eric Davis
|
0-0: Ball 1-0: Ball 2-0: Foul Ball, location: 2F 2-1: Fly out, F9 (Line Drive, 9LM, EV 102.5 MPH)
|
| Top of the 2nd over - 1 run, 2 hits, 0 errors, 1 left on base; Burlington 1 - Quad Cities 3 |
| BOTTOM OF THE 2ND |
|
Quad Cities River Bandits batting - Pitching for Burlington Bees : RHP Tim Anderson
|
|
Batting: RHB Bobby Dunn
|
0-0: Fly out, F9 (Flyball, 89S, EV 86.2 MPH)
|
|
Batting: RHB Xavier Castaneda
|
0-0: Ball 1-0: Foul Ball, location: 2F 1-1: Ball 2-1: Called Strike 2-2: Foul Ball, location: 2F 2-2: Ground out 4-3 (Groundball, 4, EV 92.5 MPH)
|
|
Batting: RHB Nick Deegan
|
0-0: Ball 1-0: Ball 2-0: SINGLE (Line Drive, 89S, EV 100.6 MPH)
|
|
Batting: LHB Josh Birkner
|
0-0: Ball 1-0: Called Strike 1-1: Ball 2-1: Swinging Strike Passed Ball! Nick Deegan to second 2-2: Ball Wild Pitch! Nick Deegan to third 3-2: Ground out 4-3 (Groundball, 4, EV 80.6 MPH)
|
| Bottom of the 2nd over - 0 runs, 1 hit, 0 errors, 1 left on base; Burlington 1 - Quad Cities 3 |
| TOP OF THE 3RD |
|
Burlington Bees batting - Pitching for Quad Cities River Bandits : RHP Arsène Serre
|
|
Batting: RHB Ryan Munro
|
0-0: Ball 1-0: Swinging Strike 1-1: Ground out 5-3 (Groundball, 56S, EV 86.9 MPH)
|
|
Batting: LHB Mark Reeg
|
0-0: Ball 1-0: Ground out 4-3 (Groundball, 4, EV 81.2 MPH)
|
|
Batting: RHB Jon Griffin
|
0-0: Ball 1-0: Ball 2-0: Foul Ball, location: 2F 2-1: Foul Ball, location: 2F 2-2: Fly out, F2 (Popup, 2LF, EV 83.8 MPH)
|
| Top of the 3rd over - 0 runs, 0 hits, 0 errors, 0 left on base; Burlington 1 - Quad Cities 3 |
| BOTTOM OF THE 3RD |
|
Quad Cities River Bandits batting - Pitching for Burlington Bees : RHP Tim Anderson
|
|
Batting: RHB Juan Mendoza
|
0-0: Called Strike 0-1: Ball 1-1: Foul Ball, location: 2F 1-2: Foul Ball, location: 2F 1-2: Strikes out swinging
|
|
Batting: RHB Ryan Salas
|
0-0: Ball 1-0: Foul Ball, location: 2F 1-1: Foul Ball, location: 2F 1-2: Ball 2-2: Strikes out looking
|
|
Batting: RHB Justin Olmstead
|
0-0: Ball 1-0: Ball 2-0: Fly out, F6 (Line Drive, 6M, EV 71.2 MPH)
|
| Bottom of the 3rd over - 0 runs, 0 hits, 0 errors, 0 left on base; Burlington 1 - Quad Cities 3 |
| TOP OF THE 4TH |
|
Burlington Bees batting - Pitching for Quad Cities River Bandits : RHP Arsène Serre
|
|
Batting: LHB Justin Balthazor
|
0-0: Ball 1-0: Ball 2-0: Ball 3-0: Foul Ball, location: 2F 3-1: Foul Ball, location: 2F 3-2: Foul Ball, location: 2F 3-2: SOLO HOME RUN (Flyball, 9D, EV 95.0 MPH), Distance : 361 ft
|
|
Batting: RHB Ryuji Ito
|
0-0: Ground out 6-3 (Groundball, 6, EV 82.5 MPH)
|
|
Batting: LHB Griffin Ferris
|
0-0: Called Strike 0-1: Ball 1-1: Ball 2-1: Foul Ball, location: 2F 2-2: Ball 3-2: SINGLE (Line Drive, 6D, EV 94.4 MPH)
|
|
Batting: RHB Peter Westover
|
0-0: Called Strike 0-1: Ball 1-1: Foul Ball, location: 2F 1-2: Ball 2-2: Strikes out swinging
|
|
Batting: RHB Tim Lively
|
0-0: Foul Ball, location: 2F 0-1: Fly out, F8 (Flyball, 8RXD, EV 109.4 MPH)
|
| Top of the 4th over - 1 run, 2 hits, 0 errors, 1 left on base; Burlington 2 - Quad Cities 3 |
| BOTTOM OF THE 4TH |
|
Quad Cities River Bandits batting - Pitching for Burlington Bees : RHP Tim Anderson
|
|
Batting: LHB Danny Wolver
|
0-0: Ground out 4-3 (Groundball, 4, EV 86.2 MPH)
|
|
Batting: RHB Kieron Clark
|
0-0: Ball 1-0: Ground out 5-3 (Groundball, 56, EV 101.2 MPH)
|
|
Batting: RHB Bobby Dunn
|
0-0: Swinging Strike 0-1: Ball 1-1: Foul Ball, location: 2F 1-2: Strikes out looking
|
| Bottom of the 4th over - 0 runs, 0 hits, 0 errors, 0 left on base; Burlington 2 - Quad Cities 3 |
| TOP OF THE 5TH |
|
Burlington Bees batting - Pitching for Quad Cities River Bandits : RHP Arsène Serre
|
|
Batting: RHB Eric Davis
|
0-0: Ball 1-0: Called Strike 1-1: Fly out, F7 (Flyball, 78M, EV 82.5 MPH)
|
|
Batting: RHB Ryan Munro
|
0-0: Foul Ball, location: 2F 0-1: Ball 1-1: Swinging Strike 1-2: Foul Ball, location: 2F 1-2: Ball 2-2: Ball 3-2: Base on Balls
|
|
Batting: LHB Mark Reeg
|
0-0: Ball 1-0: Ball 2-0: Swinging Strike 2-1: Swinging Strike 2-2: Ball 3-2: Base on Balls Ryan Munro to second
|
|
Batting: RHB Jon Griffin
|
0-0: Ball 1-0: Ball 2-0: Grounds into double play, 6-4-3 (Groundball, 6, EV 101.9 MPH)
|
| Top of the 5th over - 0 runs, 0 hits, 0 errors, 1 left on base; Burlington 2 - Quad Cities 3 |
| BOTTOM OF THE 5TH |
|
Quad Cities River Bandits batting - Pitching for Burlington Bees : RHP Tim Anderson
|
|
Batting: RHB Xavier Castaneda
|
0-0: Ball 1-0: Called Strike 1-1: Ball 2-1: Ball 3-1: Ground out 4-3 (Groundball, 4, EV 106.2 MPH)
|
|
Batting: RHB Nick Deegan
|
0-0: Ball 1-0: Ball 2-0: Fly out, F6 (Popup, 4M, EV 60.0 MPH)
|
|
Batting: LHB Josh Birkner
|
0-0: Ball 1-0: Swinging Strike 1-1: Ball 2-1: Swinging Strike 2-2: Strikes out looking
|
| Bottom of the 5th over - 0 runs, 0 hits, 0 errors, 0 left on base; Burlington 2 - Quad Cities 3 |
| TOP OF THE 6TH |
|
Burlington Bees batting - Pitching for Quad Cities River Bandits : RHP Arsène Serre
|
|
Batting: LHB Justin Balthazor
|
0-0: Ball 1-0: Foul Ball, location: 2F 1-1: Called Strike 1-2: Ball 2-2: Foul Ball, location: 2F 2-2: Ball 3-2: Foul Ball, location: 2F 3-2: Ground out 4-3 (Groundball, 4, EV 86.9 MPH)
|
|
Batting: RHB Ryuji Ito
|
0-0: Ball 1-0: Ball 2-0: Ball 3-0: Called Strike 3-1: Called Strike 3-2: Base on Balls
|
|
Batting: LHB Griffin Ferris
|
0-0: Foul Ball, location: 2F 0-1: Ball 1-1: Swinging Strike 1-2: DOUBLE (Groundball, 5L, EV 104.4 MPH) Ryuji Ito to third Runner from 3rd tries for Home, SAFE, no throw by LF
|
|
Batting: RHB Peter Westover
|
0-0: Fly out, F7 (Flyball, 7D, EV 101.2 MPH) Runner from 2nd tags up, SAFE at 3rd with throw by LF
|
|
Batting: RHB Tim Lively
|
0-0: Swinging Strike 0-1: SINGLE (Groundball, 3D, EV 94.4 MPH) Griffin Ferris scores
|
|
Batting: RHB Eric Davis
|
0-0: Ball 1-0: Ground out 4-3 (Groundball, 4, EV 90.0 MPH)
|
| Top of the 6th over - 2 runs, 2 hits, 0 errors, 1 left on base; Burlington 4 - Quad Cities 3 |
| BOTTOM OF THE 6TH |
|
Quad Cities River Bandits batting - Pitching for Burlington Bees : RHP Tim Anderson
|
|
Pitching: RHP Dakota McAdam
|
|
|
Batting: RHB Juan Mendoza
|
0-0: Called Strike 0-1: Ball 1-1: Foul Ball, location: 2F 1-2: Foul Ball, location: 2F 1-2: Ball 2-2: DOUBLE (Line Drive, 3D, EV 95.0 MPH)
|
|
Batting: RHB Ryan Salas
|
0-0: Called Strike 0-1: Ball 1-1: Swinging Strike 1-2: Ball 2-2: Ground out 5-3 (Groundball, 56, EV 88.1 MPH)
|
|
Batting: RHB Justin Olmstead
|
0-0: Foul Ball, location: 2F 0-1: SINGLE (Groundball, 6MD, EV 100.0 MPH) Juan Mendoza to third Runner from 3rd tries for Home, SAFE, throw by CF to home Justin Olmstead to second
|
|
Batting: LHB Danny Wolver
|
0-0: Intentional Walk
|
|
Batting: RHB Kieron Clark
|
0-0: Called Strike 0-1: Ball 1-1: Ball 2-1: Swinging Strike 2-2: Foul Ball, location: 2F 2-2: Fly out, F4 (Popup, 4, EV 71.2 MPH)
|
|
Batting: RHB Bobby Dunn
|
0-0: Ball 1-0: Called Strike 1-1: Foul Ball, location: 2F 1-2: Strikes out swinging, 2-3 out at first.
|
| Bottom of the 6th over - 1 run, 2 hits, 0 errors, 2 left on base; Burlington 4 - Quad Cities 4 |
| TOP OF THE 7TH |
|
Burlington Bees batting - Pitching for Quad Cities River Bandits : RHP Arsène Serre
|
|
Pitching: RHP Chris Miles
|
|
|
Batting: RHB Ryan Munro
|
0-0: Foul Ball, location: 2F 0-1: Foul Ball, location: 2F 0-2: Foul Ball, location: 2F 0-2: Ground out 5-3 (Groundball, 56S, EV 84.4 MPH)
|
|
Batting: LHB Mark Reeg
|
0-0: Ball 1-0: Ball 2-0: Called Strike 2-1: Swinging Strike 2-2: Ball 3-2: SINGLE (Groundball, 4MD, EV 97.5 MPH)
|
|
Batting: RHB Jon Griffin
|
|
|
Pinch Hitting: LHB Brett Bugge
|
0-0: Ball 1-0: Swinging Strike 1-1: Ball 2-1: Foul Ball, location: 2F 2-2: Foul Ball, location: 2F 2-2: Ball 3-2: Fly out, F7 (Flyball, 78M, EV 95.0 MPH)
|
|
Batting: LHB Justin Balthazor
|
0-0: Called Strike 0-1: SINGLE (Groundball, 34D, EV 107.5 MPH) Mark Reeg to second Mark Reeg to third
|
|
Batting: RHB Ryuji Ito
|
0-0: Ball 1-0: Ball 2-0: Foul Ball, location: 2F 2-1: Ball 3-1: Base on Balls Justin Balthazor to second
|
|
Batting: LHB Griffin Ferris
|
0-0: Swinging Strike 0-1: Swinging Strike 0-2: Strikes out swinging
|
| Top of the 7th over - 0 runs, 2 hits, 0 errors, 3 left on base; Burlington 4 - Quad Cities 4 |
| BOTTOM OF THE 7TH |
|
Quad Cities River Bandits batting - Pitching for Burlington Bees : RHP Dakota McAdam
|
|
Pitching: RHP Luis Cabrera
|
|
|
Now in CF: Danny Bjarnson
|
|
|
Batting: RHB Xavier Castaneda
|
0-0: Called Strike 0-1: Foul Ball, location: 2F 0-2: Foul Ball, location: 2F 0-2: Fly out, F1 (Line Drive, P, EV 65.6 MPH)
|
|
Batting: RHB Nick Deegan
|
0-0: Called Strike 0-1: Swinging Strike 0-2: Ball 1-2: Foul Ball, location: 2F 1-2: Strikes out looking
|
|
Batting: LHB Josh Birkner
|
0-0: Ball 1-0: Ground out 4-3 (Groundball, 34D, EV 103.8 MPH)
|
| Bottom of the 7th over - 0 runs, 0 hits, 0 errors, 0 left on base; Burlington 4 - Quad Cities 4 |
| TOP OF THE 8TH |
|
Burlington Bees batting - Pitching for Quad Cities River Bandits : RHP Chris Miles
|
|
Batting: RHB Peter Westover
|
0-0: Ball 1-0: Called Strike 1-1: Swinging Strike 1-2: Strikes out swinging
|
|
Batting: RHB Tim Lively
|
0-0: Ball 1-0: Foul Ball, location: 2F 1-1: Foul Ball, location: 2F 1-2: Foul Ball, location: 2F 1-2: SINGLE (Groundball, 34D, EV 104.4 MPH)
|
|
Batting: RHB Eric Davis
|
0-0: Ball Tim Lively steals 2nd base 1-0: Called Strike 1-1: Foul Ball, location: 2F 1-2: Ground out 5-3 (Groundball, 56S, EV 84.4 MPH)
|
|
Batting: RHB Ryan Munro
|
0-0: Called Strike 0-1: Ball 1-1: Swinging Strike 1-2: SINGLE (Flyball, 8RS, EV 98.1 MPH) Tim Lively to third Runner from 3rd tries for Home, SAFE, throw by CF to home
|
|
Batting: LHB Mark Reeg
|
0-0: Called Strike 0-1: Ball 1-1: Ball 2-1: SINGLE (Flyball, 4D, EV 91.9 MPH) Ryan Munro to second Runner from 2nd tries for 3rd, SAFE, throw by CF made to third
|
|
Batting: RHB Danny Bjarnson
|
0-0: Called Strike 0-1: Called Strike 0-2: Foul Ball, location: 2F 0-2: Foul Ball, location: 2F 0-2: Strikes out swinging
|
| Top of the 8th over - 1 run, 3 hits, 0 errors, 2 left on base; Burlington 5 - Quad Cities 4 |
| BOTTOM OF THE 8TH |
|
Quad Cities River Bandits batting - Pitching for Burlington Bees : RHP Luis Cabrera
|
|
Now at 3B: Kinya Nishimura
|
|
|
Batting: RHB Juan Mendoza
|
0-0: Swinging Strike 0-1: Ball 1-1: SINGLE (Groundball, 6MD, EV 96.2 MPH)
|
|
Batting: RHB Ryan Salas
|
0-0: SINGLE (Line Drive, 4MD, EV 99.4 MPH) Juan Mendoza to second
|
|
Batting: RHB Justin Olmstead
|
0-0: Called Strike 0-1: Foul Ball, location: 2F 0-2: Strikes out swinging
|
|
Pitching: LHP Ryouhei Hosaka
|
|
|
Pinch Hitting: SHB Salvador Gomez
|
0-0: Foul Ball, location: 2F 0-1: Ball 1-1: Ball 2-1: Swinging Strike 2-2: Grounds into double play, 6-4-3 (Groundball, 6, EV 87.5 MPH)
|
| Bottom of the 8th over - 0 runs, 2 hits, 0 errors, 1 left on base; Burlington 5 - Quad Cities 4 |
| TOP OF THE 9TH |
|
Burlington Bees batting - Pitching for Quad Cities River Bandits : RHP Chris Miles
|
|
Now in RF: Jordan Williams
|
|
|
Batting: LHB Justin Balthazor
|
0-0: Ball 1-0: Ball 2-0: Ball 3-0: Base on Balls
|
|
Batting: RHB Ryuji Ito
|
0-0: Ball 1-0: Foul Ball, location: 2F 1-1: Fly out, F9 (Flyball, 9, EV 93.8 MPH)
|
|
Batting: LHB Griffin Ferris
|
0-0: Foul Ball, location: 2F 0-1: Ball 1-1: Ball 2-1: Ball 3-1: Base on Balls Justin Balthazor to second
|
|
Pitching: RHP David Toellner
|
|
|
Batting: RHB Peter Westover
|
0-0: Fly out, F8 (Flyball, 89D, EV 88.1 MPH)
|
|
Batting: RHB Tim Lively
|
0-0: Ball Wild Pitch! Justin Balthazor to third Griffin Ferris to second 1-0: Ground out 4-3 (Groundball, 4MS, EV 63.8 MPH)
|
| Top of the 9th over - 0 runs, 0 hits, 0 errors, 2 left on base; Burlington 5 - Quad Cities 4 |
| BOTTOM OF THE 9TH |
|
Quad Cities River Bandits batting - Pitching for Burlington Bees : LHP Ryouhei Hosaka
|
|
Pitching: RHP Danny Nava
|
|
|
Batting: RHB Kieron Clark
|
0-0: Called Strike 0-1: Ball 1-1: Called Strike 1-2: Strikes out swinging
|
|
Batting: RHB Bobby Dunn
|
0-0: Ball 1-0: Ball 2-0: Ball 3-0: Base on Balls
|
|
Batting: RHB Xavier Castaneda
|
0-0: Ball 1-0: Fielders Choice at 2nd, 5-4 (Groundball, 5L, EV 105.0 MPH)
|
|
Batting: RHB Nick Deegan
|
0-0: Ball 1-0: Ball 2-0: Called Strike 2-1: SINGLE (Line Drive, 4M, EV 104.4 MPH) Xavier Castaneda to second
|
|
Batting: LHB Josh Birkner
|
0-0: Ball 1-0: Foul Ball, location: 9LSF, Error on foul ball, E9 1-1: Ball 2-1: Ball 3-1: Swinging Strike 3-2: Base on Balls Xavier Castaneda to third Nick Deegan to second
|
|
Batting: RHB Juan Mendoza
|
0-0: Called Strike 0-1: Foul Ball, location: 2F 0-2: Ball 1-2: Foul Ball, location: 2F 1-2: Strikes out swinging
|
| Bottom of the 9th over - 0 runs, 1 hit, 1 error, 3 left on base; Burlington 5 - Quad Cities 4 |
|